 Dungeon Crawl Stone Soup version 0.24-a0-537-g2d01d4ab0a (webtiles) character file.

Game seed: 4585574694567493841

13 DasRunzen the Covered (level 2, 0/19 HPs)
             Began as a Tengu Fighter on Aug 13, 2019.
             Slain by an orc priest
             ... wielding a +0 flail
              (7 damage)
             ... on level 2 of the Dungeon.
             The game lasted 00:01:25 (663 turns).

DasRunzen the Covered (Tengu Fighter)                Turns: 663, Time: 00:01:25

Health: 0/19       AC:  6    Str: 16    XL:     2   Next: 37%
Magic:  3/3        EV:  6    Int:  8    God:
Gold:   126        SH:  9    Dex: 13    Spells: 1/1 levels left

rFire    . . .     SeeInvis .   a - +0 long sword
rCold    . . .     Gourm    .   c - +0 shield
rNeg     . . .     Faith    .   b - +0 scale mail
rPois    .         Spirit   .   (helmet restricted)
rElec    .         Reflect  .   (no cloak)
rCorr    .         Harm     .   (no gloves)
MR       .....                  (boots unavailable)
Stlth    ..........             (no amulet)
HPRegen  0.06/turn              (no ring)
MPRegen  0.08/turn              (no ring)

@: no status effects
A: beak, talons 3
a: no special abilities


You were on level 2 of the Dungeon.
You were not hungry.

You visited 1 branch of the dungeon, and saw 2 of its levels.

You collected 126 gold pieces.

Inventory:

Hand Weapons
 a - a +0 long sword (weapon)
Armour
 b - a +0 scale mail (worn)
 c - a +0 shield (worn)
Scrolls
 e - a scroll of teleportation
 g - a scroll of identify
 i - a scroll of remove curse
Potions
 d - a potion of might
 h - a potion of heal wounds
Comestibles
 f - 2 rations


   Skills:
 + Level 3.1 Fighting
 + Level 2.5 Long Blades
 + Level 3.5 Armour
 + Level 3.2 Shields


You had one spell level left.
You didn't know any spells.
Your spell library was empty.

Dungeon Overview and Level Annotations

Branches:
Dungeon (2/15)

Altars:


Innate Abilities, Weirdness & Mutations

You have a beak for a mouth.
You have claws for feet.


Message History

The orc priest shouts!
An orc and an orc priest come into view.
The orc is wielding a +2 hand axe of freezing.
The orc priest shouts!
The orc shouts!
The orc priest looks encouraged for a moment.
An orc priest comes into view. It is wielding a +3 mace.
Found 12 gold pieces and a glowing puce potion.
The orc priest shouts!
The orc priest casts a cantrip, but nothing happens.
The orc priest hits you with a +0 whip.
You closely miss the orc priest. You closely miss the orc priest.
You claw the orc priest. You peck the orc priest.
The orc priest is moderately wounded.
The orc priest mumbles some strange prayers to Beogh against you.
Beogh smites you!
The orc hits you with a +2 hand axe of freezing.
The orc freezes you.
The orc priest hits you with a +0 flail!
You die...

.####.#!#...
.......#.#..
#...#$.#.#.. #.#_#.#.#.#
#..#....#=#
.........#.#####
...............#.#
.....#o...##...#.#
#..o@.......#.#
.....oo#.....#.#.# #.#
.......#...###...###.###
......####.# #...##.....
...... ..# #...# ....
...... #### #...# ...
..... # #...# #.# .....
...###.#.###.##.
................


You could see 3 orc priests and an orc.

Vanquished Creatures
  A worm (D:2)
  A goblin (D:1)
  2 hobgoblins
  2 bats
  2 frilled lizards (D:2)
  A kobold (D:1)
  2 rats (D:1)
11 creatures vanquished.

Notes
Turn   | Place    | Note
-------+----------+-------------------------------------------
     0 | D:1      | DasRunzen the Tengu Fighter began the quest for the Orb.
     0 | D:1      | Reached XP level 1. HP: 14/14 MP: 2/2
   561 | D:2      | Reached XP level 2. HP: 19/19 MP: 3/3
   657 | D:2      | Found a faded altar of an unknown god.
   663 | D:2      | Slain by an orc priest

Levels and vault maps discovered:
D:1:      minmay_arrival_checkered_box, layout_rooms, grunt_decor_clamped,
          kennysheep_decorative_pillar
D:2:      layout_basic, overflow_temple_1_default, kennysheep_slug_shrine,
          overflow_temple_1_default, chequers_ecumenical_altar_simple,
          grunt_ministairs_5, kennysheep_generic_room_12

Action                   || total
-------------------------++-------
Melee: Long sword        ||    25
       Peck              ||     5
       Kick              ||     5
  Use: Scroll            ||     4
Armor: Scale mail        ||    12
Dodge: Dodged            ||     6
Block: Shield            ||    17
       Rpst.: Long sword ||     1

Table legend:
 A = Non-vault XP
 B = Vault XP
 C = Vault XP percentage of total XP
 D = Non-vault monster count
 E = Vault monster count
 F = Vault count percentage of total count
                 A         B        C        D         E       F
            +---------+---------+-------+---------+---------+-------
      Total |      13 |       6 |  31.6 |       9 |       2 |  18.2
            +---------+---------+-------+---------+---------+-------
        D:1 |       8 |       0 |   0.0 |       6 |       0 |   0.0
        D:2 |       5 |       6 |  54.5 |       3 |       2 |  40.0
            +---------+---------+-------+---------+---------+-------
